Unix NetHack Version 3.7.0-101 Work-in-progress - last build Mar 4 2024 02:26:32 (3c4ac04b664b9ee0831c739617f054b5b60dbfd1,branch:master). Game began 2024-03-09 11:41:19, ended 2024-03-10 19:29:01. spontiff, neutral male gnomish Healer ------- ----- |.....|-- ------...| |.....+.| |......0.| --|.....|-| |..0.0.0.| |.+.....+.| ----.------- |.|.....|-| --.........| |.|.....+.| |...0......| |.|.....|-- |..........| |.|------ --------.----- |.| |............| |.| |............| |.| |----.-------- |.| |[..........| |.| |...........| |.| ------d------- |.----------------..fddd.| |.^^^......a......d.d.d.>| -------------------------- Spontiff the Rhizotomist St:15 Dx:9 Co:17 In:10 Wi:16 Ch:18 Neutral S:400 Dlvl:4 $:0 HP:0(41) Pw:7(7) AC:-11 Xp:1/0 T:19270 Latest messages: A winter wolf suddenly appears next to you! The werewolf thrusts his broad short sword. The werewolf misses! The large cat bites the werewolf. The werewolf thrusts his broad short sword at the large cat. The werewolf misses the large cat. The winter wolf just misses! The wolf bites! The warg attacks a spot beside you. The werewolf thrusts his broad short sword. The werewolf misses! The large cat misses the werewolf. The large cat bites the werewolf. The werewolf thrusts his broad short sword at the large cat. The werewolf misses the large cat. The winter wolf bites! The wolf bites! The warg strikes at thin air! The werewolf thrusts his broad short sword. The werewolf hits! The large cat bites the werewolf. The winter wolf bites! The wolf bites! The warg misses! The werewolf changes into a wolf. The werewolf drops a broad short sword. The werewolf summons help! A wolf suddenly appears close by! A wolf suddenly appears close by! A warg suddenly appears close by! The werewolf bites! The large cat bites the wolf. The wolf misses the large cat. The large cat bites the wolf. The winter wolf bites! The wolf bites! The warg bites! The werewolf bites! You feel feverish. The large cat misses the werewolf. The winter wolf misses! The wolf bites! The warg bites! The werewolf misses! The large cat bites the wolf. The wolf bites the large cat. The winter wolf bites! You die... Do you want your possessions identified? [ynq] (y) y Do you want to see the dungeon overview? [ynq] (y) q Inventory: Armor h - a blessed +1 dwarvish iron helm (being worn) g - an uncursed +1 pair of leather gloves (being worn) v - a blessed +1 pair of iron shoes (being worn) r - an uncursed +0 small shield (being worn) q - an uncursed +0 cloak of invisibility (being worn) d - an uncursed +0 leather armor (being worn) Comestibles n - 2 uncursed food rations p - an uncursed tripe ration Wands S - an uncursed wand of sleep (0:0) Tools f - a cursed greased sack containing 34 items t - an uncursed blindfold named Po Ty x - an uncursed brass lantern z - an uncursed leash o - an uncursed magic whistle w - an uncursed mirror k - an uncursed skeleton key s - an uncursed stethoscope Gems/Stones E - an uncursed chrysoberyl stone l - an uncursed luckstone j - an uncursed touchstone Contents of the sack: 856 gold pieces an uncursed +0 dart an uncursed +0 mummy wrapping 6 uncursed food rations an uncursed tripe ration an uncursed scroll of earth a cursed scroll of earth a blessed scroll of enchant weapon an uncursed scroll of identify a blessed scroll of teleportation 2 uncursed scrolls of teleportation an uncursed potion of paralysis a cursed potion of restore ability an uncursed potion of water an uncursed ring of hunger an uncursed ring of invisibility an uncursed -1 ring of protection an uncursed ring of see invisible an uncursed ring of warning an uncursed wand of cold (0:4) an uncursed wand of magic missile (0:5) an uncursed wand of make invisible (0:4) an uncursed wand of striking (0:8) an uncursed wand of striking (0:7) an uncursed wand of striking (0:4) an uncursed wand of undead turning (0:6) a blessed brass lantern an uncursed magic whistle an uncursed oil lamp 2 uncursed amber stones an uncursed garnet stone an uncursed jade stone an uncursed jasper stone an uncursed turquoise stone Spontiff the Healer's attributes: Background: You were a Rhizotomist, a level 1 male gnomish Healer. You were neutral, on a mission for Hermes who was opposed by Athena (lawful) and Poseidon (chaotic). You were right-handed. You were in Sokoban, on level 4. You entered the dungeon 19270 turns ago. There was a new moon in effect when your adventure ended. You had 0 experience points, 20 were needed to attain level 2. Your score was 400 before end-of-game adjustments. Basics: You had 0 out of 41 hit points. You had all 7 energy points (spell power). Your armor class was -11. Your wallet was empty, but you had 856 zorkmids stashed away in your pack. Autopickup was on for '$!/="?' plus thrown, with exceptions. Final Characteristics: Your strength was 15 (limit:18/50). Your dexterity was 9 (limit:18). Your constitution was 17 (limit:18). Your intelligence was 10 (limit:19). Your wisdom was 16 (limit:18). Your charisma was 18 (limit:18). Final Status: You weren't hungry. You were unencumbered. You were empty handed. You were unskilled in bare handed combat. Final Attributes: You were piously aligned. You were poison resistant. You were level-drain resistant. You were telepathic. You had infravision. You were invisible. You had a moderate defense bonus (+9). You were warded. You were a werewolf. You were harmed by silver. You were lucky. You had extra luck. Bad luck did not time out for you. Good luck did not time out for you. You are dead. Miscellaneous: You encountered 1 bones level. Total elapsed playing time was 4 hours, 45 minutes and 13 seconds. Major events: Turn 1: spontiff the neutral male gnomish Healer entered the dungeon 1786: entered the Gnomish Mines 1936: reached Mine Town 14831: entered Sokoban 15339: completed 1st Sokoban level 16101: completed 2nd Sokoban level 16660: completed 3rd Sokoban level 19270: killed by a winter wolf, while frozen by a floating eye's gaze Vanquished creatures: a ghost a giant mimic a djinni 2 wolves 4 leprechauns 2 giant spiders a gnome ruler a gold golem a lizard a dog a housecat a dwarf leader a blue jelly a snake 4 water moccasins a soldier ant a fire ant a bugbear a wood nymph 2 water nymphs 3 rock piercers 3 rock moles 3 ponies 2 yellow lights 2 violet fungi 6 gnome leaders 3 gnomish wizards a kobold mummy 4 giant ants 2 little dogs 2 floating eyes a kitten 11 dwarves a homunculus 4 kobold leaders 7 hill orcs 5 rothes 3 rabid rats a centipede 5 giant bats a monkey 7 orc zombies 2 dwarf zombies a wererat 3 werejackals 15 iguanas 5 acid blobs 4 coyotes 4 gas spores 10 hobbits 6 manes 4 large kobolds 6 hobgoblins 13 giant rats 8 cave spiders 4 brown molds 7 yellow molds 3 green molds 5 red molds 16 gnomes a garter snake 7 gnome zombies 16 geckos 23 jackals 4 foxes 4 kobolds 17 goblins 6 sewer rats 25 grid bugs 5 bats 14 lichens 2 kobold zombies 23 newts 369 creatures vanquished. No species were genocided or became extinct. Voluntary challenges: You never hit with a wielded weapon. You were a pacifist. You read items or engraved 6 times. You never engraved Elbereth. You never genocided any monsters. You never polymorphed an object. You never changed form. You used no wishes. You did not violate any of the special Sokoban rules. Achievements: You entered the Gnomish Mines. You entered Minetown. You entered a shop. You entered a temple. You entered Sokoban. The Dungeons of Doom: levels 1 to 9 Level 1: "Stashlet" Level 2: Level 3: A sink. Stairs down to The Gnomish Mines. Level 4: "vault; iron bars" An armor shop. Level 5: A fountain. Level 6: A fountain. Level 7: Many fountains. Level 8: A throne, a fountain. Stairs up to Sokoban, level 7. Level 9: The Gnomish Mines: levels 4 to 9 Level 4: Level 5: Level 6: "Watch captain in locked room" Many shops, a temple and an altar, many fountains. Final resting place for Raisse-Arc-Dwa-Fem-Law, killed by a rabid rat. Level 7: Level 8: Level 9: Sokoban: levels 7 up to 4 Level 4: <- You were here. Unsolved. Final resting place for you, killed by a winter wolf, while frozen by a floating eye's gaze. Level 5: Solved. Level 6: Solved. Level 7: Solved. Game over: ---------- / \ / REST \ / IN \ / PEACE \ / \ | spontiff | | 856 Au | | killed by a | | winter wolf | | | | | | 2024 | *| * * * | * _________)/\\_//(\/(/\)/\//\/|_)_______ Goodbye spontiff the Healer... You died in Sokoban on dungeon level 4 with 400 points, and 856 pieces of gold, after 19270 moves. You were level 1 with a maximum of 41 hit points when you died.